[Event "Titled Tuesday Blitz May 9 Early 2023"]
[White "Khumalo, Keith"]
[Black "Kirillov, Dmitry"]
[WhiteFideId "14319470"]
[BlackFideId "34180572"]
[WhiteElo "2056"]
[BlackElo "2161"]
[Result "1-0"]
[Round "01"]
[TimeControl "180+2"]
[Date "2023.05.09"]
[WhiteClock "0:01:28"]
[BlackClock "0:00:04"]

1. d4 d5 2. c4 e6 3. Nf3 Nf6 4. g3 Bb4+ 5. Bd2 Be7 6. Bg2 O-O 7. Qc2 Nbd7 8. O-O Ne4 9. Nc3 Nxc3 10. Qxc3 c6 11. Qc2 Bd6 12. e4 dxe4 13. Qxe4 Re8 14. Rfd1 Nf6 15. Qe2 h6 16. Bc3 Bd7 17. Ne5 Rc8 18. b4 Qe7 19. a3 b6 20. f4 c5 21. dxc5 bxc5 22. b5 Red8 23. Rd2 Be8 24. Rad1 Bc7 25. a4 Rxd2 26. Rxd2 Rd8 27. Bf3 Nh7 28. h4 f6 29. Nc6 Bxc6 30. Bxc6 Nf8 31. a5 e5 32. f5 Rd4 33. Bxd4 cxd4 34. b6 axb6 35. a6 Qa3 36. Qf3 Qxa6 37. Qd5+ Kh7 38. Qf7 Qa3 39. Rg2 d3 40. Bd5 Qc5+ 41. Kh2 h5 42. Qxh5# 1-0


[Site "https://www.chess.com"]

[Event "Titled Tuesday Blitz May 9 Early 2023"]
[White "Mohammed, Zozek Salah Mohammed"]
[Black "Simonian, Hrair"]
[WhiteFideId "4803361"]
[BlackFideId "13302337"]
[WhiteElo "2211"]
[BlackElo "2447"]
[Result "0-1"]
[Round "01"]
[TimeControl "180+2"]
[Date "2023.05.09"]
[WhiteClock "0:00:00"]
[BlackClock "0:00:31"]

1. d4 Nf6 2. Nf3 d5 3. g3 e6 4. Bg2 Be7 5. O-O O-O 6. c4 dxc4 7. Qc2 a6 8. a4 Bd7 9. Qxc4 Bc6 10. Nc3 b5 11. Qd3 b4 12. Nd1 Nbd7 13. b3 Be4 14. Qd2 c5 15. Bb2 Rc8 16. Ne3 Nd5 17. Nxd5 Bxd5 18. Qe3 c4 19. bxc4 Rxc4 20. Qd3 Nf6 21. Nd2 Bxg2 22. Nxc4 Bxf1 23. Rxf1 Qd7 24. a5 Qb5 25. Ne5 Qxa5 26. Ra1 Qd5 27. Rxa6 Rc8 28. f3 Qb7 29. Ra1 b3 30. Rc1 Rxc1+ 31. Bxc1 b2 32. Bxb2 Qxb2 33. Qa6 Qxd4+ 0-1


[Site "https://www.chess.com"]

[Event "Titled Tuesday Blitz May 9 Early 2023"]
[White "Manukyan, Sargis A."]
[Black "Fajdetic, Hrvoje"]
[WhiteFideId "13303970"]
[BlackFideId "14501945"]
[WhiteElo "2187"]
[BlackElo "2185"]
[Result "1-0"]
[Round "01"]
[TimeControl "180+2"]
[Date "2023.05.09"]
[WhiteClock "0:00:18"]
[BlackClock "0:00:02"]

1. d4 e6 2. c4 f5 3. Nc3 Nf6 4. Nf3 Bb4 5. Qc2 Bxc3+ 6. Qxc3 O-O 7. e3 b6 8. Bd3 Bb7 9. O-O d6 10. b4 a5 11. a3 axb4 12. axb4 Rxa1 13. Qxa1 Nc6 14. b5 Na5 15. Qc3 Ne4 16. Qc2 Ng5 17. Nxg5 Qxg5 18. f3 e5 19. e4 f4 20. c5 exd4 21. cxb6 cxb6 22. Qc7 Qc5 23. Qe7 d5 24. Qe6+ Kh8 25. exd5 Bxd5 26. Qh3 Bg8 27. Bd2 Nb3 28. Be1 Qc1 29. Bf2 Qc3 30. Be4 Nd2 31. Be1 Qe3+ 32. Bf2 Qc3 33. Rd1 Nxe4 34. fxe4 Qxh3 35. gxh3 Bc4 36. Bxd4 Bxb5 37. Rb1 Bd3 38. Rxb6 Bxe4 39. Re6 Bd5 40. Re7 Rg8 41. h4 h6 42. Kf2 Kh7 43. Rd7 Be6 44. Re7 Bg4 45. Be5 Kg6 46. Bxf4 Kh5 47. Kg3 Bc8 48. Re5+ g5 49. Be3 Bd7 50. hxg5 hxg5 51. h4 Bc8 52. hxg5 Bd7 53. Rd5 Be6 54. Rd6 Bf5 55. Rh6# 1-0


[Site "https://www.chess.com"]

[Event "Titled Tuesday Blitz May 9 Early 2023"]
[White "Korchmar, Vasiliy"]
[Black "Ardila, Oscar Humberto"]
[WhiteFideId "24131750"]
[BlackFideId "4404742"]
[WhiteElo "2370"]
[BlackElo "1918"]
[Result "1-0"]
[Round "01"]
[TimeControl "180+2"]
[Date "2023.05.09"]
[WhiteClock "0:00:05"]
[BlackClock "0:00:23"]

1. e4 e5 2. Nf3 Nf6 3. Nc3 Nc6 4. Bb5 Bb4 5. O-O O-O 6. d3 d6 7. Bg5 Bxc3 8. bxc3 Qe7 9. Re1 Nd8 10. d4 Ne6 11. Bc1 Rd8 12. Bf1 Nf8 13. g3 Ng6 14. Bg2 b6 15. a4 a5 16. Ba3 c5 17. Nd2 Be6 18. Nf1 Rac8 19. Ne3 Qb7 20. Nf5 Qc7 21. Rb1 Bd7 22. h4 Bxa4 23. h5 Nf8 24. g4 h6 25. Bc1 Ne6 26. d5 Nf4 27. Bxf4 exf4 28. Qd2 Nxg4 29. Qxf4 Ne5 30. Qg3 f6 31. Nxh6+ Kh8 32. Nf5 Bxc2 33. Rxb6 Rb8 34. Rxb8 Rxb8 35. h6 g6 36. Ng7 Kh7 37. Ne6 Qf7 38. f4 Nd7 39. Qf2 Bb3 40. e5 fxe5 41. Ng5+ Kg8 42. Nxf7 Kxf7 43. fxe5+ Kg8 44. exd6 Rf8 45. Qg3 Bc2 46. Re7 Bf5 47. Rg7+ Kh8 48. c4 a4 49. Qc3 Nf6 50. d7 Bxd7 51. Rxd7 g5 52. Rd6 1-0


[Site "https://www.chess.com"]

[Event "Titled Tuesday Blitz May 9 Early 2023"]
[White "Hoffmann, Asa"]
[Black "Girya, Olga"]
[WhiteFideId "2001470"]
[BlackFideId "4195752"]
[WhiteElo "2117"]
[BlackElo "2263"]
[Result "0-1"]
[Round "01"]
[TimeControl "180+2"]
[Date "2023.05.09"]
[WhiteClock "0:00:26"]
[BlackClock "0:00:11"]

1. d4 Nf6 2. Bg5 d5 3. Nd2 c5 4. e3 cxd4 5. exd4 Nc6 6. c3 Bf5 7. Ngf3 e6 8. Bb5 h6 9. Bh4 Be7 10. Ne5 Rc8 11. Qa4 Qb6 12. O-O a6 13. Bxc6+ bxc6 14. b4 g5 15. Bg3 Nh5 16. Qd1 Nxg3 17. fxg3 Bd6 18. Qe2 Bxe5 19. Qxe5 O-O 20. Rf3 f6 21. Qe3 Bg4 22. Rf2 e5 23. Nb3 Rce8 24. Raf1 Kg7 25. h3 exd4 26. Qxd4 Qxd4 27. Nxd4 Bd7 28. g4 Re3 29. Rf3 Rxf3 30. Rxf3 Re8 31. Kf2 Re4 32. Re3 Re5 33. Nf3 Rxe3 34. Kxe3 Kf7 35. Kd4 Ke7 36. Kc5 Kd8 37. Nd4 Kc7 38. a4 Be8 39. Ne6+ Kd7 40. Ng7 Bg6 41. Kb6 Bd3 42. Nf5 h5 43. Nd4 h4 44. Nxc6 Bf1 45. Nd4 Bxg2 46. Kxa6 Bxh3 47. Nf3 Bg2 48. Nh2 Kc7 49. b5 Bf1 50. Ka5 Kb7 51. Kb4 h3 52. a5 Bd3 53. Kc5 f5 54. a6+ Ka7 55. Kc6 fxg4 56. Nxg4 Be2 57. Nh2 g4 58. Kc7 Bxb5 59. Nxg4 Be2 60. Nh2 Kxa6 61. Kc6 Bc4 62. Kc5 Ka5 63. Kd4 Ka4 64. Ke3 Kb3 65. Kd2 Kb2 66. Nf3 Bb3 67. Nh2 Bc4 68. Nf3 Bf1 69. Nh2 Bg2 70. Kd3 Kc1 71. Ke2 Kc2 72. Ng4 Kxc3 73. Kf2 d4 74. Kg1 d3 75. Ne3 d2 76. Nd1+ Kc2 77. Nf2 Kc1 78. Kh2 d1=Q 79. Nxd1 Kxd1 80. Kg1 Ke2 81. Kh2 Kf3 82. Kg1 Kg4 83. Kh2 Bd5 84. Kg1 Kg3 85. Kf1 h2 0-1


[Site "https://www.chess.com"]

[Event "Titled Tuesday Blitz May 9 Early 2023"]
[White "Hinds, Nathan"]
[Black "Seemann, Jakub"]
[WhiteFideId "7400730"]
[BlackFideId "21874697"]
[WhiteElo "2001"]
[BlackElo "2364"]
[Result "1-0"]
[Round "01"]
[TimeControl "180+2"]
[Date "2023.05.09"]
[WhiteClock "0:00:11"]
[BlackClock "0:00:03"]

1. Nf3 Nf6 2. c4 c6 3. g3 d5 4. Bg2 dxc4 5. a4 g6 6. O-O Bg7 7. Ne5 O-O 8. Nxc4 Nbd7 9. Nc3 Nb6 10. b3 Nfd5 11. Bb2 Nxc4 12. bxc4 Nxc3 13. Bxc3 Bxc3 14. dxc3 Qa5 15. Qb3 Rb8 16. Bxc6 Bh3 17. Bg2 Bxg2 18. Kxg2 Rfc8 19. Rfd1 Qc5 20. Rd4 Qc6+ 21. Kg1 e6 22. Rad1 Kg7 23. Rd7 Qxc4 24. Qxc4 Rxc4 25. Re7 Rxa4 26. Rdd7 Rf8 27. Rxb7 a5 28. Rxe6 Rc4 29. Ra6 a4 30. e3 h5 31. h4 Rd8 32. Raa7 Rf8 33. Kg2 Rxc3 34. Rxa4 Rc6 35. Rf4 Rf6 36. Rxf6 Kxf6 37. Rb6+ Kg7 38. Kf3 Ra8 39. Rb7 Ra2 40. Rb4 Rc2 41. Rd4 Kf6 42. Rd6+ Kg7 43. Ra6 Rb2 44. Ra3 Kf6 45. Rc3 Kg7 46. Rd3 Kf6 47. Rd1 Kg7 48. Re1 Kf6 49. Re2 Rb3 50. Rd2 Ra3 51. Ke2 Ke5 52. Rd7 Ke6 53. Rb7 Kf6 54. Kf3 Ra2 55. Rb3 Kg7 56. Rc3 Kf6 57. Rd3 Kg7 58. Rd8 Kf6 59. Rg8 Rb2 60. e4 Ra2 61. Rc8 Kg7 62. Rc6 Rb2 63. Ke3 Ra2 64. f3 Rb2 65. Kf4 Rb3 66. Rc2 Ra3 67. Rd2 Kf6 68. Rb2 Kg7 69. Rb6 Rc3 70. e5 Ra3 71. Rb7 Kf8 72. Rb6 Kg7 73. g4 hxg4 74. Kxg4 Ra4+ 75. f4 Ra1 76. Rb7 Rg1+ 77. Kf3 Re1 78. Kg3 Rg1+ 79. Kf3 Rg4 80. Kxg4 1-0


[Site "https://www.chess.com"]

[Event "Titled Tuesday Blitz May 9 Early 2023"]
[White "Jaracz, Pawel"]
[Black "Manon-og, Ramon Jr."]
[WhiteFideId "1102222"]
[BlackFideId "5200776"]
[WhiteElo "2438"]
[BlackElo "2339"]
[Result "1-0"]
[Round "01"]
[TimeControl "180+2"]
[Date "2023.05.09"]
[WhiteClock "0:00:48"]
[BlackClock "0:00:00"]

1. e4 c5 2. Nf3 d6 3. d4 cxd4 4. Nxd4 Nf6 5. Nc3 a6 6. Be2 e5 7. Nb3 Be6 8. Bg5 Nbd7 9. O-O Be7 10. Bf3 O-O 11. Re1 h6 12. Bh4 Rc8 13. Qd3 b5 14. a3 Nc5 15. Nxc5 dxc5 16. Qe2 b4 17. Nd1 a5 18. Ne3 Qd4 19. axb4 axb4 20. Rab1 c4 21. Red1 Qc5 22. Bxf6 Bxf6 23. Bg4 Rfd8 24. Bxe6 fxe6 25. Rxd8+ Rxd8 26. Nxc4 Rd4 27. b3 Bg5 28. g3 Qb5 29. h4 Bf6 30. Rd1 Qc5 31. Rxd4 exd4 32. e5 Be7 33. Qe4 Qa7 34. Kg2 Bc5 35. Qc6 Kf7 36. h5 d3 37. Qf3+ Kg8 38. cxd3 Qd7 39. Qe4 Qf7 40. d4 Be7 41. Qf3 1-0


[Site "https://www.chess.com"]

[Event "Titled Tuesday Blitz May 9 Early 2023"]
[White "Celestino, Rafael Teixeira"]
[Black "Weishaeutel, Moritz"]
[WhiteFideId "2108925"]
[BlackFideId "12967300"]
[WhiteElo "2337"]
[BlackElo "2301"]
[Result "0-1"]
[Round "01"]
[TimeControl "180+2"]
[Date "2023.05.09"]
[WhiteClock "0:00:00"]
[BlackClock "0:00:08"]

1. b3 d5 2. Bb2 Bf5 3. e3 e6 4. f4 Nf6 5. Nf3 h6 6. Be2 c5 7. O-O Nc6 8. Bb5 Qb6 9. a4 a6 10. Bxc6+ Qxc6 11. Ne5 Qc7 12. d3 Bd6 13. Nd2 O-O 14. Qe1 Nd7 15. Ndf3 Nxe5 16. Nxe5 f6 17. Nf3 e5 18. e4 dxe4 19. dxe4 Bg6 20. Nh4 Be8 21. Nf5 exf4 22. Nxd6 Qxd6 23. Rd1 Qe6 24. Qf2 Bc6 25. Rfe1 Qg4 26. h3 Qg5 27. Bc1 Qg6 28. Qxf4 Rae8 29. Ba3 Rxe4 30. Rxe4 Bxe4 31. Rd2 b6 32. a5 bxa5 33. c4 Re8 34. Bxc5 Re5 35. Be3 Kh7 36. Kh2 Rg5 37. g4 Re5 38. Bd4 Re6 39. c5 Bc6 40. Be3 Qb1 41. Kg3 Qe1+ 42. Bf2 Qh1 43. Qf5+ g6 44. Qxe6 Qf3+ 45. Kh4 g5+ 0-1


[Site "https://www.chess.com"]

[Event "Titled Tuesday Blitz May 9 Early 2023"]
[White "Kim, Sergey"]
[Black "Balint, Vilmos"]
[WhiteFideId "13700570"]
[BlackFideId "718050"]
[WhiteElo "2615"]
[BlackElo "2034"]
[Result "1-0"]
[Round "01"]
[TimeControl "180+2"]
[Date "2023.05.09"]
[WhiteClock "0:00:23"]
[BlackClock "0:00:21"]

1. d4 Nf6 2. c4 e6 3. Nc3 Bb4 4. Qc2 b6 5. a3 Bxc3+ 6. Qxc3 Bb7 7. Nf3 Ne4 8. Qc2 O-O 9. g3 f5 10. Bg2 d6 11. O-O Nd7 12. Ng5 Nxg5 13. Bxb7 Rb8 14. Bg2 d5 15. cxd5 exd5 16. Bxd5+ Kh8 17. Bg2 c5 18. dxc5 Nxc5 19. b4 Nce6 20. Rd1 Qe7 21. Bb2 Rbc8 22. Qb3 Ne4 23. Qe3 Rc2 24. Rab1 Nd6 25. Bd5 Re8 26. Qd3 Rxb2 27. Rxb2 Ng5 28. Bg2 Nde4 29. Rc2 h6 30. Qd7 Nf7 31. Qxf5 Ned6 32. Qg6 b5 33. Rcd2 Nc4 34. Rd7 Qxe2 35. Qxf7 Rg8 36. Rd8 Rxd8 37. Rxd8+ Kh7 38. Qf5+ 1-0


[Site "https://www.chess.com"]

[Event "Titled Tuesday Blitz May 9 Early 2023"]
[White "Rangel, Daniel"]
[Black "Antal, Gergely"]
[WhiteFideId "2124475"]
[BlackFideId "717312"]
[WhiteElo "2256"]
[BlackElo "2471"]
[Result "1-0"]
[Round "01"]
[TimeControl "180+2"]
[Date "2023.05.09"]
[WhiteClock "0:01:01"]
[BlackClock "0:00:00"]

1. c4 g6 2. g3 Bg7 3. Bg2 Nc6 4. e3 e5 5. Nc3 d6 6. Nge2 h5 7. h4 Bg4 8. Nd5 Nge7 9. Qa4 Bxe2 10. Kxe2 Qd7 11. Nxe7 Kxe7 12. b3 e4 13. Rb1 Qg4+ 14. Ke1 Ne5 15. Ba3 Nd3+ 16. Kf1 Qf5 17. f4 exf3 18. Bh3 Qe4 19. c5 Nxc5 20. Bxc5 Qxb1+ 21. Kf2 Qxh1 22. Qe4+ Kf8 23. Qxb7 Qxh3 24. Qxa8+ Ke7 25. Qe4+ Qe6 26. Qxf3 dxc5 27. Qb7 Rd8 28. Qxc7+ Rd7 29. Qxc5+ Qd6 30. Qa5 Qxd2+ 31. Qxd2 Rd3 32. Qxd3 1-0


[Site "https://www.chess.com"]

[Event "Titled Tuesday Blitz May 9 Early 2023"]
[White "Sadykov, Ramil"]
[Black "Todorovic, Bojan"]
[WhiteFideId "24113590"]
[BlackFideId "917087"]
[WhiteElo "2245"]
[BlackElo "2266"]
[Result "1/2-1/2"]
[Round "01"]
[TimeControl "180+2"]
[Date "2023.05.09"]
[WhiteClock "0:00:04"]
[BlackClock "0:00:03"]

1. d4 g6 2. e4 Bg7 3. Nc3 d6 4. Be3 a6 5. g4 h5 6. g5 b5 7. Bg2 Bb7 8. a3 Nd7 9. Nge2 e5 10. h4 Ne7 11. Qd2 O-O 12. O-O-O exd4 13. Bxd4 Ne5 14. f4 c5 15. Bxe5 dxe5 16. Qxd8 Rfxd8 17. Nd5 Nxd5 18. exd5 exf4 19. Nxf4 Be5 20. Ne2 Re8 21. Nc3 b4 22. Na4 bxa3 23. Nxc5 a2 24. Kd2 Bf4+ 25. Kd3 Bc8 26. Ra1 Bf5+ 27. Be4 Rac8 28. Bxf5 gxf5 29. b4 a5 30. c3 axb4 31. cxb4 Be3 32. Rxa2 Bxc5 33. bxc5 Rxc5 34. Kd4 Rb5 35. Rf1 Re4+ 36. Kc3 Rxd5 37. Raf2 Rxh4 38. Rxf5 Rxf5 39. Rxf5 Kg7 40. Kd3 Rg4 41. Ke3 h4 42. Kf3 Rg3+ 43. Kf2 Kg6 44. Re5 Rxg5 45. Re4 Kh5 46. Kf3 Rg3+ 47. Kf2 f5 48. Ra4 Kg5 49. Rb4 Ra3 50. Kg2 Ra2+ 51. Kg1 f4 52. Rb3 Kg4 53. Kf1 f3 54. Rb8 Kh3 55. Rg8 Rg2 56. Rf8 Rg3 57. Kf2 Kh2 58. Rf4 h3 59. Rh4 Rg2+ 60. Kxf3 Ra2 61. Rh6 Ra3+ 62. Kf2 Ra2+ 63. Kf1 Ra1+ 64. Kf2 Ra2+ 65. Kf1 Ra1+ 66. Kf2 Ra2+ 1/2-1/2


[Site "https://www.chess.com"]

[Event "Titled Tuesday Blitz May 9 Early 2023"]
[White "Ankudinova, Yelena"]
[Black "TimGrutter03"]
[WhiteFideId "13702114"]
[WhiteElo "1937"]
[BlackElo "2612"]
[Result "0-1"]
[Round "01"]
[TimeControl "180+2"]
[Date "2023.05.09"]
[WhiteClock "0:00:00"]
[BlackClock "0:01:05"]

1. c4 g6 2. Nc3 Bg7 3. g3 d6 4. Bg2 e5 5. Nf3 Ne7 6. O-O Nbc6 7. e3 f5 8. d4 e4 9. Nd2 O-O 10. f3 exf3 11. Nxf3 Kh8 12. b3 Ng8 13. Bb2 Nf6 14. e4 Nxe4 15. Nxe4 fxe4 16. Ne1 Rxf1+ 17. Kxf1 Qg5 18. Bxe4 Bh3+ 19. Bg2 Qe3 20. Qf3 Rf8 21. Qxf8+ Bxf8 22. Bxh3 Qd2 23. Rb1 Qxh2 24. Bg2 Qxg3 25. d5+ Ne5 26. Nf3 Bg7 27. Nxe5 Bxe5 0-1


[Site "https://www.chess.com"]

[Event "Titled Tuesday Blitz May 9 Early 2023"]
[White "Guerra Tulcan, Lenin"]
[Black "Korpics, Zsolt"]
[WhiteFideId "3601382"]
[BlackFideId "705241"]
[WhiteElo "2368"]
[BlackElo "2329"]
[Result "1/2-1/2"]
[Round "01"]
[TimeControl "180+2"]
[Date "2023.05.09"]
[WhiteClock "0:00:57"]
[BlackClock "0:00:21"]

1. e4 c5 2. Nf3 e6 3. d4 cxd4 4. Nxd4 Nc6 5. Nc3 Qc7 6. Ndb5 Qb8 7. Be3 Nf6 8. Be2 a6 9. Nd4 Bb4 10. Nxc6 bxc6 11. Qd3 d5 12. O-O O-O 13. exd5 cxd5 14. Bg5 Bxc3 15. bxc3 Ne4 16. Be3 a5 17. Qd4 Qc7 18. Bd3 Qxc3 19. Qxc3 Nxc3 20. Bd4 Ne4 21. f3 Nf6 22. Rfb1 Ba6 23. Kf2 Rfc8 24. Rb2 Bxd3 25. cxd3 Nd7 26. Rb7 Nc5 27. Bxc5 Rxc5 28. Rab1 g6 29. Rb8+ Rxb8 30. Rxb8+ Kg7 31. Rb2 Kf6 32. Ke3 a4 33. g3 h5 34. Rb4 Ra5 35. f4 Ra7 36. a3 Ke7 37. Kd4 Kd6 38. Rb6+ Kc7 39. Rb4 Kd6 40. Rb8 Kc7 41. Rf8 Kd6 42. Rb8 Kc7 43. Rb4 Kd6 1/2-1/2


[Site "https://www.chess.com"]

[Event "Titled Tuesday Blitz May 9 Early 2023"]
[White "Avalos Parra, Joao"]
[Black "Ambartsumova, Karina"]
[WhiteFideId "3402541"]
[BlackFideId "4166299"]
[WhiteElo "2173"]
[BlackElo "2240"]
[Result "0-1"]
[Round "01"]
[TimeControl "180+2"]
[Date "2023.05.09"]
[WhiteClock "0:00:14"]
[BlackClock "0:00:40"]

1. d4 Nf6 2. c4 g6 3. Nc3 Bg7 4. e4 O-O 5. Be2 d6 6. Be3 e5 7. d5 Na6 8. g4 Nc5 9. f3 a5 10. h4 h5 11. g5 Nh7 12. Qd2 a4 13. O-O-O Bd7 14. Nh3 Qe7 15. Nf2 f5 16. Nd3 b6 17. Bxc5 bxc5 18. Rdf1 Rfb8 19. Kc2 Nf8 20. Rb1 Rb7 21. Rhc1 Rab8 22. b3 axb3+ 23. axb3 c6 24. Rb2 cxd5 25. Nxd5 Qf7 26. Ra1 Ne6 27. Ra3 Nd4+ 28. Kc3 Be6 29. Ne1 fxe4 30. fxe4 Qf2 31. Bd1 Qxh4 32. Nc2 Bxd5 33. exd5 e4 34. Nxd4 cxd4+ 35. Kc2 d3+ 36. Kb1 Bxb2 37. Kxb2 Qg3 38. Ra6 Qe5+ 39. Qc3 e3 40. Qxe5 dxe5 41. Rxg6+ Kh7 42. Rh6+ Kg7 0-1


[Site "https://www.chess.com"]

[Event "Titled Tuesday Blitz May 9 Early 2023"]
[White "Berezin, Viktor"]
[Black "Kalajzic, Ivan"]
[WhiteFideId "14107872"]
[BlackFideId "14506378"]
[WhiteElo "2310"]
[BlackElo "2203"]
[Result "0-1"]
[Round "01"]
[TimeControl "180+2"]
[Date "2023.05.09"]
[WhiteClock "0:00:02"]
[BlackClock "0:00:57"]

1. d4 Nc6 2. Nf3 d6 3. h3 g6 4. c4 Bg7 5. Nc3 e5 6. e3 Nf6 7. Be2 O-O 8. O-O Re8 9. Rb1 Bf5 10. Ra1 exd4 11. Nxd4 Nxd4 12. exd4 Ne4 13. Nxe4 Bxe4 14. Be3 c5 15. dxc5 Bxb2 16. Bd4 Bxd4 17. Qxd4 dxc5 18. Qb2 Qd4 19. Qb3 Bxg2 20. Kxg2 Rxe2 21. Qxb7 Rae8 22. Rad1 Qe5 23. Rd7 Qe4+ 24. Qxe4 R8xe4 25. Rxa7 Rxc4 26. Kg3 Kg7 27. f3 Rcc2 28. a4 g5 29. h4 Rg2+ 30. Kh3 Rh2+ 31. Kg4 Rcg2+ 32. Kf5 Rxh4 33. a5 Rf4+ 34. Ke5 Re2+ 35. Kd6 c4 36. a6 Ra2 37. Kc5 c3 38. Ra8 c2 39. a7 Rfa4 40. Rg1 h6 41. Kb6 Ra1 42. Rxa1 Rxa1 43. Rc8 Rb1+ 44. Ka6 c1=Q 45. a8=Q Qa3# 0-1


[Site "https://www.chess.com"]

[Event "Titled Tuesday Blitz May 9 Early 2023"]
[White "Kohler, Aran"]
[Black "Riff, Vincent"]
[WhiteFideId "1002856"]
[BlackFideId "617776"]
[WhiteElo "2324"]
[BlackElo "2369"]
[Result "1-0"]
[Round "01"]
[TimeControl "180+2"]
[Date "2023.05.09"]
[WhiteClock "0:00:28"]
[BlackClock "0:00:48"]

1. d4 d5 2. Nf3 Nf6 3. Bf4 c5 4. e3 Nc6 5. c3 Qb6 6. Qb3 c4 7. Qc2 Bf5 8. Qc1 Qd8 9. Nbd2 e6 10. h3 b5 11. Ne5 Nxe5 12. Bxe5 Nd7 13. Bh2 Be7 14. Be2 O-O 15. O-O a5 16. b3 Nb6 17. bxc4 bxc4 18. Bf3 Bd3 19. Re1 Na4 20. e4 Bg5 21. exd5 exd5 22. Re5 Be4 23. Bxe4 dxe4 24. Rxe4 Re8 25. f4 Bf6 26. Qc2 Qd5 27. Rxe8+ Rxe8 28. Qxa4 Bxd4+ 29. Kh1 Re2 30. Nf3 Bc5 31. Rd1 Qe4 32. Qxa5 Bf8 33. Qd8 Qc2 34. Rd2 Qc1+ 35. Bg1 Re4 36. Rd4 Qxf4 37. Rxe4 Qxe4 38. Bc5 1-0


[Site "https://www.chess.com"]

[Event "Titled Tuesday Blitz May 9 Early 2023"]
[White "cryptoguru02"]
[Black "Brueckner, Thomas"]
[BlackFideId "4600452"]
[WhiteElo "2608"]
[BlackElo "2322"]
[Result "1-0"]
[Round "01"]
[TimeControl "180+2"]
[Date "2023.05.09"]
[WhiteClock "0:00:27"]
[BlackClock "0:00:06"]

1. d4 Nf6 2. c4 e6 3. Nc3 Bb4 4. Qc2 d5 5. a3 Bxc3+ 6. Qxc3 O-O 7. Bg5 h6 8. Bh4 c5 9. dxc5 d4 10. Qc2 e5 11. Rd1 a5 12. e3 Nc6 13. Nf3 Qe7 14. exd4 exd4+ 15. Be2 Re8 16. Bxf6 Qxf6 17. O-O Bf5 18. Bd3 Bxd3 19. Rxd3 Rad8 20. Rfd1 Qf5 21. h3 Qxc5 22. Qa4 Rd7 23. Nxd4 Red8 24. Nxc6 Rxd3 25. Nxd8 b5 26. Qc2 1-0


[Site "https://www.chess.com"]

[Event "Titled Tuesday Blitz May 9 Early 2023"]
[White "Szente Varga, Fruzsina"]
[Black "Veiga, Jose Francisco R P Neves"]
[WhiteFideId "712264"]
[BlackFideId "1930087"]
[WhiteElo "1994"]
[BlackElo "2320"]
[Result "0-1"]
[Round "01"]
[TimeControl "180+2"]
[Date "2023.05.09"]
[WhiteClock "0:00:16"]
[BlackClock "0:01:24"]

1. e4 Nc6 2. d4 d5 3. e5 Bf5 4. c3 e6 5. f4 f6 6. Nf3 Nh6 7. Be2 Be7 8. O-O O-O 9. Nbd2 fxe5 10. fxe5 Bg6 11. Re1 Nf5 12. Nf1 Nh4 13. Ng3 Nxf3+ 14. Bxf3 Bh4 15. Be3 Ne7 16. Bf2 Nf5 17. Nxf5 Bxf2+ 18. Kxf2 Rxf5 19. Kg1 Qe7 20. Qb3 Raf8 21. Rf1 Qg5 22. Kh1 Bh5 23. Qd1 Qe3 24. Qe1 Qxe1 25. Raxe1 Bxf3 26. gxf3 Rxf3 27. Kg2 Rxf1 28. Rxf1 Rxf1 29. Kxf1 g5 30. Kf2 Kg7 31. Kg3 Kg6 32. Kg4 h5+ 33. Kf3 Kf5 34. h3 h4 35. Ke3 g4 36. hxg4+ Kxg4 37. Kf2 Kf4 0-1


[Site "https://www.chess.com"]

[Event "Titled Tuesday Blitz May 9 Early 2023"]
[White "Wadsworth, Matthew J"]
[Black "Zampronha, Wladimir Camilo"]
[WhiteFideId "415804"]
[BlackFideId "2103087"]
[WhiteElo "2347"]
[BlackElo "2176"]
[Result "1-0"]
[Round "01"]
[TimeControl "180+2"]
[Date "2023.05.09"]
[WhiteClock "0:00:07"]
[BlackClock "0:00:00"]

1. Nc3 c5 2. e4 Nc6 3. Bb5 Nd4 4. Bc4 e6 5. Nf3 a6 6. a4 g6 7. d3 Bg7 8. O-O Ne7 9. Re1 d6 10. Nxd4 cxd4 11. Ne2 O-O 12. a5 Bd7 13. Bd2 Bc6 14. Bb4 Re8 15. Ng3 Rc8 16. h4 d5 17. Bxe7 Rxe7 18. exd5 Bxd5 19. b3 Rd7 20. h5 Qh4 21. Ra4 Bxc4 22. Rxc4 Rxc4 23. bxc4 Bf8 24. hxg6 hxg6 25. Re4 Qd8 26. Qa1 Bb4 27. Ne2 Qxa5 28. Qd1 Qd8 29. Nf4 Qg5 30. Qf3 Bd2 31. Nh3 Qe7 32. Qg4 Bh6 33. Rxd4 Rxd4 34. Qxd4 Qb4 35. Qd8+ Bf8 36. Ng5 Qe1+ 37. Kh2 Qe5+ 38. Kg1 Qe1+ 39. Kh2 Qe5+ 40. g3 Qf5 41. Ne4 Kg7 42. Qd7 Bb4 43. Qxb7 Qh5+ 44. Kg2 Be1 45. Qxa6 Qf5 46. Qa7 Bb4 47. Qd4+ Kg8 48. c5 1-0


[Site "https://www.chess.com"]

[Event "Titled Tuesday Blitz May 9 Early 2023"]
[White "De Souza, Cristiano Gomes"]
[Black "Tasev, Dejan"]
[WhiteFideId "2151758"]
[BlackFideId "936618"]
[WhiteElo "2068"]
[BlackElo "2244"]
[Result "0-1"]
[Round "01"]
[TimeControl "180+2"]
[Date "2023.05.09"]
[WhiteClock "0:00:00"]
[BlackClock "0:00:03"]

1. d4 Nf6 2. c4 e6 3. Nf3 b6 4. g3 Bb7 5. Bg2 g6 6. O-O Bg7 7. Nc3 O-O 8. d5 exd5 9. cxd5 d6 10. e4 Re8 11. Re1 a5 12. h3 Na6 13. Bg5 h6 14. Bxf6 Qxf6 15. a3 Nc5 16. Rc1 Ba6 17. Bf1 Bxf1 18. Kxf1 a4 19. Kg2 Re7 20. Rc2 Rae8 21. Rce2 Ra8 22. Qc2 g5 23. e5 dxe5 24. Nxe5 Rae8 25. Nc6 Rxe2 26. Rxe2 Rxe2 27. Qxe2 Bf8 28. Qc4 Qf5 29. Nd4 Qe5 30. Nf3 Qf5 31. Nd4 Qd7 32. Nc6 Bg7 33. Nb4 Qf5 34. Nb5 Ne4 35. Qc2 Qe5 36. Nxc7 Nxf2 37. Kxf2 h5 38. Nb5 h4 39. gxh4 Qh2+ 40. Ke3 Qxh3+ 41. Kd2 Qxh4 42. Qc8+ Kh7 43. Qf5+ Kh6 44. Nd6 Qd4+ 45. Kc2 Qxb2+ 46. Kd3 Qb1+ 47. Nc2 Qb3+ 48. Kd2 Qc3+ 49. Kd1 Bf6 50. Nxf7+ Kg7 51. Nxg5 Qb2 52. Ne6+ Kf7 53. Ng5+ Kg7 54. Ne4 Bd4 55. Qd7+ Kf8 56. Qd6+ Kf7 57. Qe6+ Kf8 58. d6 Bc3 59. Qe7+ Kg8 60. Nd2 Bxd2 61. Kxd2 Qb3 62. d7 Qd5+ 63. Kc1 Qh1+ 64. Kb2 Qh8+ 0-1


[Site "https://www.chess.com"]

[Event "Titled Tuesday Blitz May 9 Early 2023"]
[White "Aggelis, Nikolaos"]
[Black "Zhou, Qiyu"]
[WhiteFideId "4213220"]
[BlackFideId "505161"]
[WhiteElo "2189"]
[BlackElo "2101"]
[Result "1-0"]
[Round "01"]
[TimeControl "180+2"]
[Date "2023.05.09"]
[WhiteClock "0:00:18"]
[BlackClock "0:00:00"]

1. c4 Nf6 2. g3 e6 3. Bg2 d5 4. Nf3 c5 5. d4 Be7 6. cxd5 exd5 7. O-O O-O 8. dxc5 Bxc5 9. a3 h6 10. Nc3 Be6 11. b4 Bb6 12. Na4 Bc7 13. Bb2 Nbd7 14. Rc1 Bd6 15. Qd4 Qe7 16. Rfd1 Rfd8 17. e3 Ne8 18. Qd3 Ndf6 19. Nd4 Rac8 20. Nf5 Bxf5 21. Qxf5 Rxc1 22. Rxc1 Qe6 23. Qd3 Be7 24. Nc5 Bxc5 25. Rxc5 b6 26. Bxf6 Nxf6 27. Rc7 a5 28. Qd4 axb4 29. axb4 Ra8 30. h3 Ne4 31. Bxe4 dxe4 32. Qd7 Ra1+ 33. Kg2 Qf6 34. Qg4 Qe5 35. Rc8+ Kh7 36. Qf4 Qd5 37. Re8 f5 38. Re5 Qb3 39. Qxf5+ 1-0


[Site "https://www.chess.com"]

[Event "Titled Tuesday Blitz May 9 Early 2023"]
[White "Ankerst, Mihael"]
[Black "Shaik Sumer Arsh"]
[WhiteFideId "14602369"]
[BlackFideId "45020000"]
[WhiteElo "2311"]
[BlackElo "2350"]
[Result "1-0"]
[Round "01"]
[TimeControl "180+2"]
[Date "2023.05.09"]
[WhiteClock "0:00:22"]
[BlackClock "0:01:15"]

1. e4 c5 2. Nf3 d6 3. d4 cxd4 4. Nxd4 Nf6 5. Nc3 a6 6. Bc4 e6 7. Bb3 Be7 8. g4 Nfd7 9. Be3 Nc6 10. Bxe6 Nxd4 11. Bxd7+ Qxd7 12. Bxd4 Qxg4 13. Qxg4 Bxg4 14. Rg1 Be6 15. Rxg7 O-O-O 16. O-O-O Rhg8 17. Rdg1 Rxg7 18. Rxg7 h6 19. Rh7 Rg8 20. Rh8 Rxh8 21. Bxh8 Bg5+ 22. Kd1 Bf4 23. Bg7 h5 24. h4 Bg4+ 25. Ke1 b5 26. Nd5 Bc1 27. Nb4 a5 28. Nd3 Bf3 29. Nxc1 Bxe4 30. c3 Kd7 31. Kd2 Bd5 32. a3 Bc4 33. Ke3 Ke6 34. Kd4 Kf5 35. Bf8 a4 36. Bxd6 Kg4 37. Bg3 f5 38. Nd3 Bxd3 39. Kxd3 f4 40. Bh2 Kxh4 41. Bxf4 Kg4 42. Ke4 h4 43. f3+ Kh3 44. Bg5 Kg3 45. f4 h3 46. f5 Kg4 47. Bf4 Kh5 48. Ke5 Kg4 49. f6 h2 50. Bxh2 Kg5 51. f7 Kg6 52. f8=Q b4 53. Qf6+ Kh7 54. Ke6 b3 55. Qg5 Kh8 56. Kf7 Kh7 57. Qh5# 1-0


[Site "https://www.chess.com"]